 Dungeon Crawl Stone Soup version 0.28-a0-863-g8cecda6153 (webtiles) character file.

Game seed: 16253788672374132660

14685 ytrimaz the Slicer (level 11, -7/84 HPs)
             Began as a Demonspawn Fighter on Nov 17, 2021.
             Was a Believer of Ru.
             Constricted to death by Jorgrun (11 damage)
             ... on level 14 of the Dungeon on Nov 18, 2021.
             The game lasted 00:15:56 (13773 turns).

ytrimaz the Slicer (Demonspawn Fighter)            Turns: 13773, Time: 00:15:57

Health: -7/84      AC: 16    Str: 20    XL:     11   Next: 92%
Magic:  0/11       EV:  6    Int:  7    God:    Ru [**....]
Gold:   334        SH:  5    Dex: 13    Spells: 10/10 levels left

rFire   x . .      SeeInvis .   a - +1 rapier (flame)
rCold   + + +      Faith    .   c - +0 buckler
rNeg    + . .      Spirit   +   I - +0 ice dragon scales
rPois   .          Reflect  .   A - +0 helmet
rElec   .          Harm     .   C - scarf {shadows}
rCorr   .          Rampage  .   B - +1 pair of gloves
Will    .....                   (no boots)
Stlth   ..........              x - amulet of regeneration
HPRegen 1.24/turn               h - ring of protection from cold
MPRegen 0.24/turn               l - ring "Cepazur" {rC+ rN+}

@: grasped by roots, constricted
A: hooves 2, dopey 1, foul stench 2, magic shield, magic regeneration, inability
to use devices
a: Renounce Religion


You were on level 14 of the Dungeon.
You worshipped Ru.
Ru was pleased with you.
You visited 2 branches of the dungeon, and saw 14 of its levels.
You also visited: Ice Cave.

You collected 334 gold pieces.

Inventory:

Hand Weapons
 a - a +1 rapier of flaming (weapon)
 D - a +1 war axe of flaming
Missiles
 s - 48 poisoned darts (quivered)
Armour
 c - a +0 buckler (worn)
 v - a +0 plate armour
 A - a +0 helmet (worn)
 B - a +1 pair of gloves (worn)
 C - a scarf of shadows (worn)
 I - +0 ice dragon scales (worn)
Jewellery
 f - a ring of positive energy
 g - a ring of flight
 h - a ring of protection from cold (left hand)
 l - the ring "Cepazur" (right hand) {rC+ rN+}
   (You found it in an ice cave)

   [ring of protection from cold]

   rC:        It protects you from cold.
   rN:        It protects you from negative energy.
 m - a ring of positive energy
 r - a ring of magical power
 x - an amulet of regeneration (around neck)
 E - a ring of resist corrosion
 F - a ring of protection from cold
Scrolls
 e - 8 scrolls of fog
 j - 4 scrolls of identify
 n - a scroll of enchant armour
 p - 3 scrolls of teleportation
 t - a scroll of summoning
Potions
 b - a potion of brilliance
 i - a potion of flight
 k - 4 potions of haste
 q - 2 potions of attraction
 u - a potion of resistance {unknown}
 w - a potion of cancellation {unknown}
 H - a potion of berserk rage {unknown}


   Skills:
 + Level 7.6 Fighting
 * Level 13.8 Short Blades
 + Level 0.1 Throwing
 + Level 8.8 Armour
 + Level 5.3 Shields


You had 10 spell levels left.
You didn't know any spells.
Your spell library contained the following spells:

 Spells                   Type           Power      Damage    Failure   Level
 Apportation              Tloc           0%         N/A       80%         1
 Summon Small Mammal      Summ           0%         N/A       80%         1
 Call Canine Familiar     Summ           0%         N/A       99%         3
 Ozocubu's Armour         Ice            0%         N/A       99%         3
 Summon Guardian Golem    Hex/Summ       0%         N/A       99%         3
 Alistair's Intoxication  Tmut/Pois      0%         N/A       100%        5
 Summon Forest            Summ/Tloc      0%         N/A       100%        5
 Summon Mana Viper        Hex/Summ       0%         N/A       100%        5
 Summon Cactus Giant      Summ           0%         N/A       100%        6
 Ozocubu's Refrigeration  Ice            0%         4d5       100%        7


Dungeon Overview and Level Annotations

Branches:
Dungeon (12/15)            Temple (1/1) D:6            Lair (0/6) D:9
    Orc (0/2) D:11          IceCv (visited)

Altars:
Ashenzari
Cheibriados
Dithmenos
Elyvilon
Fedhas
Gozag
Hepliaklqana
Kikubaaqudgha
Makhleb
Nemelex Xobeh
Okawaru
Qazlal
Ru
Sif Muna
Trog
Uskayaw
Vehumet
Wu Jian
Xom
Yredelemnul
Zin
The Shining One

Shops:
D:2 ([:

Annotations:
D:3 3 runed translucent doors, DrKleor's ghost, amateur DsFi
D:10 3 runed translucent doors, spiderkeys's ghost, novice DEAK
D:14 Jorgrun


Innate Abilities, Weirdness & Mutations

You have hoof-like feet.
You are dopey. (Int -2)
You sometimes emit foul miasma when damaged in melee.
When hurt, damage is shared between your health and your magic reserves.
You regenerate magic rapidly.
You cannot study or use magical devices.


Message History

Jorgrun is engulfed in dark miasma.
Jorgrun is poisoned.
Jorgrun seems to slow down.
Jorgrun hits you but does no damage. The grasping roots constrict you!
* * * LOW HITPOINT WARNING * * *
Something hits you but does no damage. Something bites you.
* * * LOW HITPOINT WARNING * * *
You emit a cloud of foul miasma!
Jorgrun is engulfed in dark miasma.
Jorgrun looks even sicker.
Jorgrun hits you with a +0 vorpal quarterstaff.
The grasping roots constrict you.
* * * LOW HITPOINT WARNING * * *
Something hits you!
* * * LOW HITPOINT WARNING * * *
Something bites you!
* * * LOW HITPOINT WARNING * * *
Something hits you. Something bites you!
* * * LOW HITPOINT WARNING * * *
Jorgrun is engulfed in dark miasma.
Jorgrun looks even sicker.
Jorgrun seems to slow down.
Jorgrun completely misses you. The grasping roots constrict you!
* * * LOW HITPOINT WARNING * * *
You turn to flesh and can move again.
Okay, then.
You feel much better. Something draws life force from you.
* * * LOW HITPOINT WARNING * * *
You focus your inner power and blind something in retribution!
Unknown command.
You are too confused!
Unknown command.
Unknown command.
You are too confused!
You are too confused!
You are too confused!
You bump into the rock wall.
You feel less confused.
Jorgrun is engulfed in dark miasma.
Jorgrun looks as sick as possible!
Jorgrun hits you with a +0 vorpal quarterstaff!
* * * LOW HITPOINT WARNING * * *
x2 The grasping roots constrict you!
You die...

# .# ##.# ##..#
######### ##@.#
#.......###{g##
#......$'....#
#.......#....#
#............+
#.......#...##
#.......#...#
#####.......#....
............#...##


You could see Jorgrun (extremely poisoned, slow).

Vanquished Creatures
  2 azure jellies (IceCv)
  Erolcha (D:9)
  2 ice statues (IceCv)
  2 entropy weaver simulacra (IceCv)
  3 trolls
  28 slime creatures
  9 yaks
  A wraith (D:9)
  A steam dragon (D:7)
  A demonic crawler simulacrum (IceCv)
  A water moccasin (D:6)
  A sky beast (D:7)
  An ice beast (D:5)
  3 ugly thing simulacra (IceCv)
  3 necrophages
  2 ogres
  A centaur (D:10)
  3 kobold brigands
  2 bullfrogs
  4 glowing shapeshifter simulacra (IceCv)
  2 scorpions (D:5)
  2 wyvern zombies
  11 killer bees
  7 wights
  3 hounds
  An orc priest (D:3)
  2 centaur zombies
  3 orc wizards
  2 howler monkey zombies
  3 gnolls (D:3)
  8 adders
  3 adder skeletons
  2 worms
  15 orcs
  5 endoplasms
  6 goblins
  4 hobgoblins
  3 jackals (D:1)
  4 ball pythons
  4 bats
  6 frilled lizards
  17 kobolds
  4 rats
188 creatures vanquished.

Vanquished Creatures (collateral kills)
  A two-headed ogre (D:7)
  A shadow imp (D:7)
  2 orcs (D:7)
4 creatures vanquished.

Vanquished Creatures (others)
  3 fungi (D:6)
  A plant (D:10)
4 creatures vanquished.

Grand Total: 196 creatures vanquished

Notes
Turn   | Place    | Note
-------+----------+-------------------------------------------
     0 | D:1      | ytrimaz the Demonspawn Fighter began the quest for the Orb.
     0 | D:1      | Reached XP level 1. HP: 18/18 MP: 1/1
   674 | D:1      | Reached skill level 2 in Short Blades
   674 | D:1      | Gained mutation: You regenerate magic rapidly. [demonic
                  | ancestry]
   674 | D:1      | Reached XP level 2. HP: 24/24 MP: 2/2
  1056 | D:2      | Found Zewety's Weapon Boutique.
  1248 | D:2      | Found Picuown's Armour Boutique.
  1315 | D:2      | Reached XP level 3. HP: 18/29 MP: 3/3
  1886 | D:2      | Found Cunaevoh's Book Shoppe.
  2076 | D:2      | Noticed a necrophage
  2087 | D:2      | Killed a necrophage
  2088 | D:2      | Reached skill level 3 in Short Blades
  2088 | D:2      | Gained mutation: You have large cloven feet. [demonic
                  | ancestry]
  2088 | D:2      | Reached XP level 4. HP: 29/35 MP: 4/4
  2324 | D:3      | Gained mutation: When hurt, damage is shared between your
                  | health and your magic reserves. [demonic ancestry]
  2324 | D:3      | Reached XP level 5. HP: 40/41 MP: 5/5
  2808 | D:3      | Found a runed translucent gate.
  2808 | D:3      | Found a runed translucent gate.
  2808 | D:3      | Found a runed translucent gate.
  2830 | D:3      | Noticed DrKleor's ghost (amateur DsFi)
  3116 | D:3      | Reached skill level 4 in Short Blades
  4115 | D:4      | Reached XP level 6. HP: 44/47 MP: 6/6
  4732 | D:5      | Entered Level 5 of the Dungeon
  5223 | D:4      | Reached skill level 5 in Short Blades
  5863 | D:5      | Reached XP level 7. HP: 24/52 MP: 5/7
  6388 | D:5      | Reached skill level 6 in Short Blades
  7023 | D:6      | Noticed a yak
  7023 | D:6      | Noticed a yak
  7038 | D:6      | Noticed a yak
  7045 | D:6      | Killed a yak
  7046 | D:6      | Reached skill level 5 in Armour
  7046 | D:6      | Reached XP level 8. HP: 45/61 MP: 6/8
  7053 | D:6      | Reached skill level 7 in Short Blades
  7838 | D:6      | Reached skill level 8 in Short Blades
  8068 | D:6      | Found an opulent altar of Gozag.
  8068 | D:6      | Found an ancient bone altar of Kikubaaqudgha.
  8084 | D:6      | Found a staircase to the Ecumenical Temple.
  8233 | Temple   | Entered the Ecumenical Temple
  8464 | Temple   | Became a worshipper of Ru the Awakened
  9067 | D:7      | Gained mutation: You may rarely emit foul miasma when
                  | damaged in melee. [demonic ancestry]
  9067 | D:7      | Reached XP level 9. HP: 39/64 MP: 6/9
  9651 | D:7      | Noticed a two-headed ogre
  9659 | D:7      | Killed a two-headed ogre
  9660 | D:7      | Reached skill level 5 in Fighting
  9660 | D:7      | Reached skill level 9 in Short Blades
 10524 | D:7      | HP: 2/68 [hornet (5)]
 10652 | D:8      | Gained mutation: You are dopey. (Int -2) [Ru sacrifice]
 11218 | D:9      | Found a staircase to the Lair.
 11251 | D:9      | Reached skill level 10 in Short Blades
 11254 | D:9      | Noticed a troll
 11269 | D:9      | Killed a troll
 11318 | D:9      | Gained mutation: You sometimes emit foul miasma when
                  | damaged in melee. [demonic ancestry]
 11318 | D:9      | Reached XP level 10. HP: 75/75 MP: 10/10
 11756 | D:9      | Noticed Erolcha
 11770 | D:9      | Killed Erolcha
 11771 | D:9      | Reached skill level 11 in Short Blades
 11821 | D:10     | Entered Level 10 of the Dungeon
 11973 | D:10     | Found a runed translucent gate.
 11973 | D:10     | Found a runed translucent gate.
 11973 | D:10     | Found a runed translucent gate.
 11975 | D:10     | Noticed a 12-headed hydra
 11975 | D:10     | Noticed spiderkeys's ghost (novice DEAK)
 12100 | D:10     | Found a snail-covered altar of Cheibriados.
 12281 | D:10     | You fall into a shaft and drop 2 floors!
 12380 | D:11     | Found a frozen archway.
 12387 | IceCv    | Entered an ice cave
 12700 | IceCv    | Gained mutation: You have hoof-like feet. [demonic
                  | ancestry]
 12700 | IceCv    | Reached XP level 11. HP: 59/83 MP: 7/11
 12747 | IceCv    | Reached skill level 12 in Short Blades
 12747 | IceCv    | Reached skill level 5 in Shields
 13319 | IceCv    | Reached skill level 13 in Short Blades
 13484 | IceCv    | Found a viscous altar of Jiyva.
 13484 | IceCv    | Noticed an azure jelly
 13506 | IceCv    | Killed an azure jelly
 13512 | IceCv    | Noticed an azure jelly
 13524 | IceCv    | Killed an azure jelly
 13541 | IceCv    | Got the ring "Cepazur" {rC+ rN+}
 13636 | D:11     | Gained mutation: You cannot study or use magical devices.
                  | [Ru sacrifice]
 13636 | D:11     | Reached * piety under Ru
 13636 | D:11     | Reached ** piety under Ru
 13695 | D:11     | You fall into a shaft and drop 3 floors!
 13695 | D:14     | Noticed Jorgrun
 13708 | D:14     | Found an ornate altar of the Wu Jian Council.
 13771 | D:14     | HP: 1/84 [constriction (8)]
 13773 | D:14     | Constricted to death by Jorgrun

Illustrated notes

Levels and vault maps discovered:
D:1:      dpeg_arrival_court, layout_loops_corners
D:2:      layout_basic, basic_altar, serial_shops,
          nicolae_shop_bloodbath_and_beyond, nicolae_shop_behind_doors,
          nicolae_diamond_shop
D:3:      layout_basic, gammafunk_ghost_split, grunt_ministairs_6,
          serial_park_tiny_2
D:4:      layout_loops_ring, minivault_26
D:5:      layout_gridville
D:6:      layout_loops_ring, gammafunk_temple_overflow_wave,
          lemuel_temple_firewalk_b, serial_aquarium, aquarium_bridge_square
          [aquarium_subvault_window, aquarium_subvault_bridge,
          aquarium_subvault_wall, aquarium_subvault_balcony],
          aquarium_window_fake, aquarium_window_fake, aquarium_window_1,
          aquarium_window_fake, aquarium_view_2b, aquarium_view_2c,
          aquarium_balcony_3b, aquarium_pool_1
D:7:      layout_cave_pods
D:8:      layout_cave_pools
D:9:      layout_rooms, lair_entry_dummy, uniq_erolcha
D:10:     layout_small_grid, cheibriados_altar_1, gammafunk_ghost_hydra_chop
D:11:     layout_irregular_city, hiddenorc1_lemuel,
          portal_ice_cave_entry_pillars_2, ebering_ghost_xom, uniq_sonja
D:12:     layout_basic, serial_shops, nicolae_stop_n_shop_1
D:14:     layout_gridville, ximxim_vaults_locker_room,
          nzn_wu_jian_contemplation, maelrawn_ghost_gauntlet_escape,
          enter_bailey_1, uniq_jorgrun
Temple:   mainiacjoe_temple_bowtie_tessellation

Skill      XL: |  1  2  3  4  5  6  7  8  9 10 11 |
---------------+----------------------------------+-----
Short Blades   | 2 3 4 5 6 8 10 11 13 | 13.8
Armour         | 3 4 5 6 7 8 |  8.8
Shields        | 3 4 5 |  5.3
Fighting       | 4 5 6 7 |  7.6
Throwing       | |  0.1

Action                   |  1- 3 |  4- 6 |  7- 9 | 10-12 || total
-------------------------+-------+-------+-------+-------++-------
Melee: Rapier            |    76 |   182 |   284 |   419 ||   961
       Kick              |       |    55 |   102 |   185 ||   342
Throw: Dart              |       |       |       |     2 ||     2
Invok: Sacrifice Purity  |       |       |     1 |       ||     1
       Sacrifice Artific |       |       |       |     1 ||     1
  Use: Scroll            |     4 |     3 |    11 |     3 ||    21
       Potion            |     1 |     1 |     6 |     5 ||    13
Armor: Scale mail        |    37 |    77 |    22 |       ||   136
       Plate armour      |       |       |   123 |   146 ||   269
       Skin              |       |       |    11 |       ||    11
       Ice dragon scales |       |       |       |    73 ||    73
Dodge: Dodged            |    25 |    65 |    79 |    82 ||   251
Block: Buckler           |    13 |    32 |    55 |    70 ||   170

Table legend: (Time is in decaauts)
 A = Elapsed time spent in this place.
 B = Non-inter-level travel time spent in this place.
 C = Inter-level travel time spent in this place.
 D = Time resting spent in this place.
 E = Time spent auto-exploring this place.
 F = Levels seen in this place.
 G = Mean time per level.
                   A        B        C        D        E       F      G
               +--------+--------+--------+--------+--------+-----+--------+
         Total |  13564 |  12964 |    600 |   3446 |   7451 |  15 |  904.3 |
       Dungeon |  12182 |  11638 |    544 |   2863 |   7099 |  13 |  937.1 |
        Temple |    261 |    205 |     56 |      0 |    191 |   1 |  261.0 |
      Ice Cave |   1120 |   1120 |      0 |    583 |    161 |   1 | 1120.0 |
               +--------+--------+--------+--------+--------+-----+--------+

Top non-repeatable levels by time:
     D:5: 1902 daAuts
     D:7: 1615 daAuts
     D:2: 1547 daAuts
     D:4: 1535 daAuts
     D:3: 1527 daAuts
     D:6: 1216 daAuts
   IceCv: 1120 daAuts
     D:1: 987 daAuts
     D:9: 609 daAuts
     D:8: 562 daAuts
    D:10: 441 daAuts
  Temple: 261 daAuts
    D:11: 148 daAuts
    D:14: 78 daAuts
    D:12: 9 daAuts
